 Dungeon Crawl Stone Soup version 0.29-a0-824-gd827844252 (webtiles) character file.

Game seed: 13596073320465923423

40 buhh the Insei (level 3, -4/34 HPs)
             Began as an Octopode Transmuter on July 9, 2022.
             Slain by Robin
             ... wielding a +0 falchion
              (5 damage)
             ... on level 2 of the Dungeon.
             The game lasted 00:01:03 (1277 turns).

buhh the Insei (Octopode Transmuter)                Turns: 1277, Time: 00:01:03

Health: -4/34      AC: 21    Str: 13    XL:     3   Next: 50%
Magic:  5/5        EV:  2    Int: 16    God:
Gold:   33         SH:  0    Dex: 11    Spells: 5/6 levels left

rFire   . . .      SeeInvis .     - Unarmed
rCold   . . .      Faith    .   (no shield)
rNeg    . . .      Spirit   .   (helmet currently unavailable)
rPois   +          Reflect  .   (no amulet)
rElec   .          Harm     .   c - ring of poison resistance
rCorr   .          Rampage  .   (no ring)
Will    .....      NoTele   +   (no ring)
Stlth   ++........              (no ring)
HPRegen 0.11/turn               (no ring)
MPRegen 0.09/turn               (no ring)
                                (no ring)
                                (no ring)

@: brilliant, tree-form (expiring)
A: stationary, stasis, torment immunity, boosted hp, almost no armour,
(amphibious), 8 rings, (camouflage 1), (gelatinous body 1), (nimble swimmer 1),
(tentacles), low MP 1, strong 1
a: no special abilities


You were on level 2 of the Dungeon.
You were a tree.
You visited 1 branch of the dungeon, and saw 2 of its levels.

You collected 33 gold pieces.

Inventory:

Jewellery
 c - a ring of poison resistance (left branch)
Scrolls
 d - a scroll of teleportation {unknown}
 f - a scroll of silence {unknown}


   Skills:
 + Level 1.6 Fighting
 + Level 2.4 Dodging
 - Level 2.0 Stealth
 + Level 3.3 Unarmed Combat
 - Level 2.0 Spellcasting
 - Level 2.0 Transmutations
 - Level 1.0 Poison Magic


You had 5 spell levels left.
You knew the following spells:

 Your Spells              Type           Power      Damage    Failure   Level
a - Beastly Appendage     Tmut           24%        N/A       9%          1

Your spell library contained the following spells:

 Spells                   Type           Power      Damage    Failure   Level
 Wereblood                Tmut           12%        N/A       14%         2
 Sublimation of Blood     Necr           2%         N/A       30%         2
 Spider Form              Tmut/Pois      9%         N/A       32%         3
 Ice Form                 Ice/Tmut       7%         N/A       80%         4
 Summon Hydra             Summ           1%         N/A       100%        7


Dungeon Overview and Level Annotations

Branches:
Dungeon (2/15) Zot: 10726

Altars:

Annotations:
D:2 Robin


Innate Abilities, Weirdness & Mutations

You are a tree.
Your roots penetrate the ground, keeping you stationary.
You cannot be teleported.
You are immune to unholy pain and torment.
Your maximum health is greatly increased.
You cannot wear most types of armour.
((You are amphibious.))
You can wear up to eight rings at the same time.
((Your skin changes colour to match your surroundings (Stealth+).))
((Your rubbery body absorbs attacks. (AC +1, EV +1)))
((You are camouflaged when in or above water. (Stealth+)))
((You have tentacles for arms and can constrict up to eight enemies at once.))
Your magical capacity is low. (-10% MP)
Your muscles are strong. (Str +4, Int/Dex -1)


Message History

The goblin hits you but does no damage. x3
Okay, then.
You smack the goblin!
You kill the goblin!
The goblin hits you but does no damage. x2
You smack the goblin!
You kill the goblin!
The goblin hits you but does no damage. x2
You smack the goblin!
You kill the goblin!
Your transformation is almost over.
The goblin barely misses you. The goblin hits you but does no damage.
Robin throws the goblin at you! The goblin hits you but does no damage.
You barely miss the goblin.
The goblin is moderately wounded.
The goblin hits you but does no damage. x2; The goblin barely misses you.
You barely miss the goblin. The goblin hits you but does no damage.
The goblin hits you with a +0 dagger.
* * * LOW HITPOINT WARNING * * *
The goblin hits you but does no damage.
The goblin shouts!
You smack the goblin!
You kill the goblin!
The goblin hits you but does no damage. The goblin completely misses you.
You smack the goblin!
You kill the goblin!
The hobgoblin hits you but does no damage.
You smack the hobgoblin!
You kill the hobgoblin!
The goblin hits you but does no damage. The goblin hits you with a +0 dagger.
* * * LOW HITPOINT WARNING * * *
You smack the goblin!
You kill the goblin!
The goblin hits you but does no damage.
Robin says, "Duck!"
You smack Robin!
Robin is almost dead.
The goblin no longer looks unusually strong. x2
The goblin hits you but does no damage. Robin hits you with a +0 falchion.
You die...

#.# # #.#
#####.#.####
...........#
#####.#.##.#
#.#.##.#
###.#.##.#
......##g##
#......♣g.#
#.#.####gg#
. #..# #..#
...# ##.# ..
.# .#


You could see Robin and 3 goblins.

Vanquished Creatures
  A ball python (D:1)
  4 bats (D:1)
  An endoplasm (D:2)
  A giant cockroach (D:1)
  11 goblins
  3 hobgoblins
  7 kobolds
  2 quokkas (D:1)
  6 rats
36 creatures vanquished.

Notes
Turn   | Place    | Note
-------+----------+-------------------------------------------
     0 | D:1      | buhh the Octopode Transmuter began the quest for the Orb.
     0 | D:1      | Reached XP level 1. HP: 13/13 MP: 3/3
   279 | D:1      | Reached XP level 2. HP: 16/18 MP: 3/5
  1075 | D:1      | Reached XP level 3. HP: 23/23 MP: 4/6
  1257 | D:2      | Noticed Robin
  1266 | D:2      | Gained mutation: Your muscles are strong. (Str +4, Int/Dex
                  | -1) [potion of mutation]
  1266 | D:2      | Gained mutation: Your magical capacity is low. (-10% MP)
                  | [potion of mutation]
  1275 | D:2      | HP: 1/34 [goblin/+0 dagger[Robin] (4)]
  1277 | D:2      | Slain by Robin

Illustrated notes

Levels and vault maps discovered:
D:1:      heliophobic_arrival_enchanted_forest, layout_loops_ring,
          minmay_tromino_v4_b
D:2:      layout_loops_ring, basic_altar, chequers_arboretum, uniq_robin

Skill      XL: |  1  2 |
---------------+-------+-----
Stealth        | 1 2 |  2.0
Poison Magic   | 1 |  1.0
Fighting       | |  1.6
Dodging        | |  2.4
Unarmed Combat | |  3.3
Spellcasting   | |  2.0
Transmutations | |  2.0

Action                   || total
-------------------------++-------
Melee: Unarmed           ||    59
       Constrict         ||    13
       Kick              ||     9
       Tentacles         ||     8
       Punch             ||     1
 Cast: Beastly Appendage ||    17
  Use: Potion            ||     3
       Scroll            ||     1
 Stab: Sleeping          ||     8
Armor: Skin              ||    34
Dodge: Dodged            ||    37

Table legend: (Time is in decaauts)
 A = Elapsed time spent in this place.
 B = Non-inter-level travel time spent in this place.
 C = Inter-level travel time spent in this place.
 D = Time resting spent in this place.
 E = Time spent auto-exploring this place.
 F = Levels seen in this place.
 G = Mean time per level.
                   A        B        C        D        E       F      G
               +--------+--------+--------+--------+--------+-----+--------+
         Total |   1272 |   1238 |     34 |      0 |   1071 |   2 |  636.0 |
       Dungeon |   1272 |   1238 |     34 |      0 |   1071 |   2 |  636.0 |
               +--------+--------+--------+--------+--------+-----+--------+

Top non-repeatable levels by time:
     D:1: 1147 daAuts
     D:2: 125 daAuts
